 Dungeon Crawl Stone Soup version 0.29-a0-1043-g569b05d6ff (webtiles) character file.

Game seed: 5158052132307412784

27 greasedhog the Shooter (level 3, -1/21 HPs)
             Began as a Gargoyle Hunter on Aug 15, 2022.
             Slain by a goblin
             ... wielding a +0 club
             ... led by Robin
              (6 damage)
             ... on level 2 of the Dungeon.
             The game lasted 00:01:28 (624 turns).

greasedhog the Shooter (Gargoyle Hunter)             Turns: 624, Time: 00:01:29

Health: -1/21      AC: 10    Str: 14    XL:     3   Next: 10%
Magic:  3/3        EV: 11    Int:  9    God:
Gold:   77         SH:  0    Dex: 15    Spells: 2/2 levels left

rFire   . . .      SeeInvis .   a - +0 shortbow
rCold   . . .      Faith    .   (shield currently unavailable)
rNeg    + . .      Spirit   .   c - +0 leather armour
rPois   ∞          Reflect  .   (no helmet)
rElec   +          Harm     .   (no cloak)
rCorr   .          Rampage  .   (no gloves)
Will    .....                   (no boots)
Stlth   ++........              (no amulet)
HPRegen 0.07/turn               h - +4 ring of protection
MPRegen 0.08/turn               (no ring)

@: no status effects
A: sickness immunity, AC +3, negative energy resistance 1, electricity
resistance, torment resistance 1, petrification resistance
a: no special abilities


You were on level 2 of the Dungeon.
You visited 1 branch of the dungeon, and saw 2 of its levels.

You collected 77 gold pieces.

Inventory:

Hand Weapons
 a - a +0 shortbow (weapon)
Armour
 c - a +0 leather armour (worn)
Jewellery
 h - a +4 ring of protection (left hand)
Scrolls
 b - a scroll of immolation
 d - 2 scrolls of blinking {unknown}
 e - a scroll of noise {unknown}
 f - a scroll of identify {unknown}
 g - a scroll of torment {unknown}
Potions
 i - a potion of ambrosia {unknown}
 j - a potion of magic {unknown}


   Skills:
 - Level 2.1 Fighting
 * Level 4.5 Ranged Weapons
 * Level 2.0 Armour
 - Level 1.5 Dodging
 - Level 1.1 Stealth


You had 2 spell levels left.
You didn't know any spells.
Your spell library was empty.

Dungeon Overview and Level Annotations

Branches:
Dungeon (2/15)

Altars:

Annotations:
D:2 Robin


Innate Abilities, Weirdness & Mutations

You are immune to sickness and miasma.
Your stone body is resilient. (AC +3)
You are immune to poison.
You resist negative energy. (rN+)
You are resistant to electric shocks. (rElec)
You are resistant to unholy torment.
You are immune to petrification.


Message History

You shoot an arrow. The arrow hits the hobgoblin.
The hobgoblin is heavily wounded.
The hobgoblin hits you but does no damage.
Fire: a) +0 shortbow
Press: ? - help, Q - select action Shift-Dir - straight line, f/p - hobgoblin
Aim: a hobgoblin (heavily wounded, 62% to hit)
You shoot an arrow. The arrow hits the hobgoblin.
You kill the hobgoblin!
Your Armour skill increases to level 2!
Fire: a) +0 shortbow
Press: ? - help, Q - select action Shift-Dir - straight line, f - hobgoblin
Aim: a hobgoblin (62% to hit)
You shoot an arrow. The arrow hits the hobgoblin.
The hobgoblin is heavily wounded.
The hobgoblin barely misses you.
The hobgoblin hits you but does no damage.
Fire: a) +0 shortbow
Press: ? - help, Q - select action Shift-Dir - straight line, f/p - hobgoblin
Aim: a hobgoblin (heavily wounded, 62% to hit)
You shoot an arrow. The arrow hits the hobgoblin.
The hobgoblin is severely wounded.
The hobgoblin hits you but does no damage.
Fire: a) +0 shortbow
Press: ? - help, Q - select action Shift-Dir - straight line, f/p - hobgoblin
Aim: a hobgoblin (severely wounded, 62% to hit)
You shoot an arrow.
The arrow completely misses the hobgoblin.
The arrow closely misses the goblin.
The arrow hits the goblin.
The goblin is severely wounded.
The hobgoblin hits you.
* * * LOW HITPOINT WARNING * * *
Fire: a) +0 shortbow
Press: ? - help, Q - select action Shift-Dir - straight line, f/p - hobgoblin
Aim: a hobgoblin (severely wounded, 62% to hit)
You shoot an arrow. The arrow hits the hobgoblin!
You kill the hobgoblin!
Robin roars a battlecry!
The goblins go into a battle-frenzy!
The goblin hits you with a +0 club.
You die...

#........#.#≈≈≈≈≈≈≈≈#......#
#........#.#≈≈#≈≈≈#≈~......#
#####........#g##≈≈≈≈≈≈##......#
#...........÷#.g~~≈≈#≈≈#.......#
#.###...........###≈≈##~...#####
#.# ########......##~~.....# #.#
#.#.g...........# #.#
#.##g#.#........# #.#
#.##@#..........# #.#
#.##+###........# #.#
#.........####### #.#
#.........# #.# #.<.......#
#.#############'######
#...............#
#################


You could see Robin and 3 goblins.

Vanquished Creatures
  An adder (D:2)
  2 bats (D:2)
  2 giant cockroaches (D:2)
  3 goblins
  3 hobgoblins (D:2)
  2 ball pythons (D:2)
  A frilled lizard (D:1)
  3 kobolds (D:2)
  A rat (D:2)
18 creatures vanquished.

Notes
Turn   | Place    | Note
-------+----------+-------------------------------------------
     0 | D:1      | greasedhog the Gargoyle Hunter began the quest for the Orb.
     0 | D:1      | Reached XP level 1. HP: 12/12 MP: 1/1
   195 | D:1      | You fall into a shaft and drop 1 floor!
   220 | D:2      | Found a faded altar of an unknown god.
   249 | D:2      | Reached skill level 1 in Armour
   249 | D:2      | Reached XP level 2. HP: 17/17 MP: 2/2
   582 | D:2      | Reached XP level 3. HP: 21/21 MP: 3/3
   591 | D:2      | Noticed Robin
   624 | D:2      | Slain by a goblin

Illustrated notes

Levels and vault maps discovered:
D:1:      sevenhm_arrival_forest_fort_large_2, layout_rooms,
          minmay_crystal_water, minmay_bisected
D:2:      layout_basic, dreamdust_ecumenical_altar_grove, minivault_4,
          uniq_robin

Skill      XL: |  1  2  3 |
---------------+----------+-----
Armour         | 1 2 |  2.0
Fighting       | |  2.1
Ranged Weapons | |  4.5
Dodging        | |  1.5
Stealth        | |  1.1

Action                   || total
-------------------------++-------
 Fire: Shortbow          ||    55
Armor: Leather armour    ||    13
Dodge: Dodged            ||    14

Table legend: (Time is in decaauts)
 A = Elapsed time spent in this place.
 B = Non-inter-level travel time spent in this place.
 C = Inter-level travel time spent in this place.
 D = Time resting spent in this place.
 E = Time spent auto-exploring this place.
 F = Levels seen in this place.
 G = Mean time per level.
                   A        B        C        D        E       F      G
               +--------+--------+--------+--------+--------+-----+--------+
         Total |    642 |    642 |      0 |      0 |    514 |   2 |  321.0 |
       Dungeon |    642 |    642 |      0 |      0 |    514 |   2 |  321.0 |
               +--------+--------+--------+--------+--------+-----+--------+

Top non-repeatable levels by time:
     D:2: 445 daAuts
     D:1: 196 daAuts
